 Dungeon Crawl Stone Soup version 0.21.1-1-g345015f (webtiles) character file.

40 letownia2 the Skirmisher (level 3, 8/30 HPs)
             Began as a Demonspawn Gladiator on July 15, 2018.
             Quit the game on level 3 of the Dungeon.
             The game lasted 00:01:51 (391 turns).

letownia2 the Skirmisher (Demonspawn Gladiator)      Turns: 391, Time: 00:01:52

Health: 8/30       AC:  6    Str: 15    XL:     3   Next: 30%
Magic:  3/3        EV: 11    Int:  9    God:
Gold:   25         SH:  0    Dex: 14    Spells: 2/2 levels left

rFire    . . .     SeeInvis .   e - +4 dagger
rCold    . . .     Gourm    .   (no shield)
rNeg     . . .     Faith    .   g - +0 ring mail
rPois    .         Spirit   .   b - +0 helmet
rElec    .         Reflect  .   (no cloak)
rCorr    .         Harm     .   (no gloves)
MR       .....                  (no boots)
Stlth    +.........             (no amulet)
HPRegen  0.10/turn              (no ring)
MPRegen  0.08/turn              (no ring)

@: no status effects
A: demonic guardian 1
a: no special abilities


You were on level 3 of the Dungeon.
You were not hungry.

You visited 1 branch of the dungeon, and saw 4 of its levels.

You collected 25 gold pieces.

Inventory:

Hand Weapons
 e - a +4 dagger (weapon)
Missiles
 c - 3 throwing nets (quivered)
Armour
 a - a +0 leather armour
 b - a +0 helmet (worn)
 g - a +0 ring mail (worn)
Scrolls
 i - a scroll of fear {unknown}
 j - a scroll of remove curse {unknown}
 k - a scroll of blinking {unknown}
 m - a scroll of fog {unknown}
Potions
 f - a potion of invisibility {unknown}
 h - a potion of curing {unknown}
 l - a potion of berserk rage {unknown}
Comestibles
 d - 2 rations


   Skills:
 + Level 3.7 Fighting
 - Level 1.7 Throwing
 - Level 2.6 Dodging
 - Level 2.8 Unarmed Combat


You had 2 spell levels left.
You didn't know any spells.

Dungeon Overview and Level Annotations

Branches:
Dungeon (4/15)
 Temple: D:4-7

Altars:
Fedhas


Innate Abilities, Weirdness & Mutations

A weak demonic guardian rushes to your aid.


Message History

Found a scroll labeled SUOWYNWEIPNAG.
There is a stone staircase leading up here.
You climb upwards.
A bat and a rat come into view.
The bat hits you but does no damage. The rat barely misses you.
Found a bubbling cyan potion.
There is a stone staircase leading down here.
The bat barely misses you. The rat bites you but does no damage.
You climb downwards.
There is a stone staircase leading up here.
You are too injured to fight recklessly!
You are too injured to fight recklessly!
You are too injured to fight recklessly!
You are too injured to fight recklessly!
You hit the rat.
You kill the rat!
m - a scroll labeled SUOWYNWEIPNAG A bat comes into view.
The bat barely misses you.
Are you sure you want to abandon this character and quit the game? (Confirm with "yes".)

.#...............#
.#...............###
.#.................##
.#.....<.............
.####.#####......#.#
.........##......#.#
.........##...b..#.###..
........................
.>.....P.P......@.......
#......._........#.###..
#......P.P........ ..
#.................. ##
#...#...#####.###...
#...##### #. ...# .....
#. ...# ...... ...#


You could see a bat.

Vanquished Creatures
  A shadow imp (D:3)
  A dart slug (D:1)
  3 bats
  2 giant cockroaches (D:2)
  2 goblins
  6 kobolds
  2 rats (D:3)
17 creatures vanquished.

Vanquished Creatures (collateral kills)
  A hound zombie (D:4)
1 creature vanquished.

Grand Total: 18 creatures vanquished

Notes
Turn   | Place    | Note
-------+----------+-------------------------------------------
     0 | D:1      | letownia2 the Demonspawn Gladiator began the quest for the Orb.
     0 | D:1      | Reached XP level 1. HP: 16/16 MP: 1/1
   184 | D:2      | Gained mutation: A weak demonic guardian rushes to your aid. [demonic ancestry]
   184 | D:2      | Reached XP level 2. HP: 22/23 MP: 2/2
   213 | D:2      | Reached skill level 3 in Fighting
   300 | D:4      | Reached XP level 3. HP: 12/30 MP: 3/3
   313 | D:4      | Noticed a phantom
   353 | D:3      | Found a blossoming altar of Fedhas.
   391 | D:3      | Quit the game

Skill      XL: |  1  2 |
---------------+-------+-----
Fighting       | 3 |  3.7
Throwing       | |  1.7
Dodging        | |  2.6
Unarmed Combat | |  2.8

Action                   || total
-------------------------++-------
Melee: Dagger            ||    52
       Unarmed           ||     7
       Punch             ||     2
Armor: Ring mail         ||    23
       Leather armour    ||     2
Dodge: Dodged            ||    39
